% Time on Ice - BOISE CARIBOUS
Lines # - Real PCT - Wanted PCT - Time Play
Normal Forward
1 - 27% - 28% - 12:08
2 - 28% - 28% - 12:44
3 - 26% - 25% - 11:30
4 - 19% - 19% - 8:26
Normal Defense
1 - 33% - 35% - 14:41
2 - 34% - 35% - 15:27
3 - 27% - 23% - 12:02
4 - 6% - 7% - 2:38
PP Forward
1 - 44% - 55% - 1:44
2 - 56% - 45% - 2:14
PP Defense
1 - 55% - 55% - 2:11
2 - 45% - 45% - 1:47
PK Forward
1 - 67% - 60% - 7:18
2 - 33% - 40% - 3:36
PK Defense
1 - 48% - 55% - 5:11
2 - 52% - 45% - 5:43
PK3 Forward
1 - 0% - 55%
2 - 0% - 45%
PK3 Defense
1 - 0% - 55%
2 - 0% - 45%
44 Forward
1 - 0% - 55%
2 - 0% - 45%
44 Defense
1 - 0% - 55%
2 - 0% - 45%
Last Minute Offensive  - 0:20
Last Minute Defensive  - 0:00
Total
Forward - 60:00
Defense - 60:00
% Time on Ice - EDMONTON ICE
Lines # - Real PCT - Wanted PCT - Time Play
Normal Forward
1 - 31% - 35% - 13:44
2 - 30% - 34% - 13:28
3 - 28% - 25% - 12:38
4 - 11% - 6% - 4:58
Normal Defense
1 - 35% - 36% - 15:46
2 - 34% - 34% - 15:14
3 - 26% - 23% - 11:51
4 - 4% - 7% - 1:57
PP Forward
1 - 57% - 60% - 6:12
2 - 43% - 40% - 4:42
PP Defense
1 - 51% - 55% - 5:34
2 - 49% - 45% - 5:20
PK Forward
1 - 72% - 55% - 2:51
2 - 28% - 45% - 1:07
PK Defense
1 - 47% - 55% - 1:52
2 - 53% - 45% - 2:06
PK3 Forward
1 - 0% - 55%
2 - 0% - 45%
PK3 Defense
1 - 0% - 55%
2 - 0% - 45%
44 Forward
1 - 0% - 55%
2 - 0% - 45%
44 Defense
1 - 0% - 55%
2 - 0% - 45%
Last Minute Offensive  - 0:00
Last Minute Defensive  - 0:20
Total
Forward - 60:00
Defense - 60:00
Play-by-Play 1st period 0:01 of 1st period - Radek Faksa wins face-off versus Ryan O'Reilly in neutral zone. 0:04 of 1st period - Ryan O'Reilly is hit by Brian Boyle and loses puck. 1:19 of 1st period - Shot by Tom Wilson. 1:19 of 1st period - Stopped by Jake Allen with a rebound. 1:36 of 1st period - Shot by Jesperi Kotkaniemi. 1:36 of 1st period - Deflect By Tom Wilson. 1:36 of 1st period - Shot Misses the Net. 1:38 of 1st period - Shot by Jesperi Kotkaniemi. 1:38 of 1st period - Shot Misses the Net. 2:28 of 1st period - Shot by Lawson Crouse. 2:28 of 1st period - Shot Misses the Net. 2:54 of 1st period - Shot by Eric Fehr. 2:54 of 1st period - Shot Blocked by Will Butcher. 3:02 of 1st period - Shot by Conor Sheary. 3:02 of 1st period - Stopped by Casey DeSmith without a rebound. 3:03 of 1st period - Ryan O'Reilly wins face-off versus Radek Faksa in BOISE CARIBOUS zone. 3:22 of 1st period - Shot by Brian Boyle. 3:22 of 1st period - Shot Misses the Net. 3:25 of 1st period - Minor Penalty to Brian Boyle for Hooking. 3:26 of 1st period - Tanner Pearson wins face-off versus Radek Faksa in BOISE CARIBOUS zone. 3:55 of 1st period - Shot by Colton Parayko. 3:55 of 1st period - Stopped by Casey DeSmith without a rebound. 3:56 of 1st period - Jesperi Kotkaniemi wins face-off versus Ryan O'Reilly in BOISE CARIBOUS zone. 4:41 of 1st period - Shot by Kasperi Kapanen. 4:41 of 1st period - Shot Misses the Net. 4:43 of 1st period - Shot by Colton Parayko. 4:43 of 1st period - Stopped by Casey DeSmith without a rebound. 4:44 of 1st period - Ryan O'Reilly wins face-off versus Jesperi Kotkaniemi in BOISE CARIBOUS zone. 5:13 of 1st period - Shot by Patric Hornqvist. 5:13 of 1st period - Stopped by Casey DeSmith without a rebound. 5:14 of 1st period - Valtteri Filppula wins face-off versus Radek Faksa in BOISE CARIBOUS zone. 5:24 of 1st period - Icing by Oscar Klefbom. 5:25 of 1st period - Kyle Turris wins face-off versus Eric Fehr in EDMONTON ICE zone. 5:32 of 1st period - Shot by Connor Brown. 5:32 of 1st period - Goal by Connor Brown - BOISE CARIBOUS : 1 - EDMONTON ICE : 0. 5:33 of 1st period - Ryan O'Reilly wins face-off versus Jesperi Kotkaniemi in neutral zone. 5:36 of 1st period - Shot by Anthony Mantha. 5:36 of 1st period - Stopped by Casey DeSmith without a rebound. 5:37 of 1st period - Jesperi Kotkaniemi wins face-off versus Ryan O'Reilly in BOISE CARIBOUS zone. 5:37 of 1st period - Jesperi Kotkaniemi is hit by Ryan O'Reilly. 6:11 of 1st period - Shot by Tom Wilson. 6:11 of 1st period - Shot Blocked by Colton Parayko. 6:14 of 1st period - Icing by Anthony Mantha. 6:15 of 1st period - Kyle Turris wins face-off versus Ryan O'Reilly in EDMONTON ICE zone. 6:15 of 1st period - Kyle Turris is hit by Jeff Petry. 6:24 of 1st period - Icing by Mirco Mueller. 6:25 of 1st period - Eric Fehr wins face-off versus Connor Brown in BOISE CARIBOUS zone. 6:26 of 1st period - Shot by Conor Sheary. 6:26 of 1st period - Shot Blocked by Brendan Smith. 6:42 of 1st period - Shot by Connor Brown. 6:42 of 1st period - Deflect By Lawson Crouse. 6:42 of 1st period - Shot Misses the Net. 7:28 of 1st period - Off-side. 7:29 of 1st period - Radek Faksa wins face-off versus Ryan O'Reilly in neutral zone. 7:59 of 1st period - Icing by Nick Leddy. 8:00 of 1st period - Radek Faksa wins face-off versus Valtteri Filppula in BOISE CARIBOUS zone. 8:19 of 1st period - Shot by Brian Boyle. 8:19 of 1st period - Stopped by Jake Allen without a rebound. 8:20 of 1st period - Eric Fehr wins face-off versus Mario Kempe in EDMONTON ICE zone. 8:20 of 1st period - Eric Fehr is hit by Darren Helm. 8:25 of 1st period - Icing by Conor Sheary. 8:26 of 1st period - Eric Fehr wins face-off versus Jesperi Kotkaniemi in EDMONTON ICE zone. 8:28 of 1st period - Icing by Ondrej Kase. 8:29 of 1st period - Eric Fehr wins face-off versus Andre Burakovsky in EDMONTON ICE zone. 8:34 of 1st period - Shot by Conor Sheary. 8:34 of 1st period - Stopped by Casey DeSmith without a rebound. 8:35 of 1st period - Mario Kempe wins face-off versus Eric Fehr in BOISE CARIBOUS zone. 9:07 of 1st period - Icing by Oscar Klefbom. 9:08 of 1st period - Eric Fehr wins face-off versus Jesperi Kotkaniemi in EDMONTON ICE zone. 9:33 of 1st period - Shot by Tom Wilson. 9:33 of 1st period - Stopped by Jake Allen with a rebound. 9:50 of 1st period - Minor Penalty to Brendan Smith for Interference. 9:51 of 1st period - Ryan O'Reilly wins face-off versus Radek Faksa in BOISE CARIBOUS zone. 10:00 of 1st period - Shot by Jaden Schwartz. 10:00 of 1st period - Stopped by Casey DeSmith without a rebound. 10:01 of 1st period - Radek Faksa wins face-off versus Ryan O'Reilly in BOISE CARIBOUS zone. 11:14 of 1st period - Shot by Ondrej Kase. 11:14 of 1st period - Stopped by Casey DeSmith without a rebound. 11:15 of 1st period - Radek Faksa wins face-off versus Valtteri Filppula in BOISE CARIBOUS zone. 11:15 of 1st period - Radek Faksa is hit by Kasperi Kapanen. 11:24 of 1st period - Icing by Valtteri Filppula. 11:25 of 1st period - Valtteri Filppula wins face-off versus Jesperi Kotkaniemi in EDMONTON ICE zone. 11:30 of 1st period - Shot by Kasperi Kapanen. 11:30 of 1st period - Shot Blocked by Nick Leddy. 11:32 of 1st period - Shot by Colton Parayko. 11:32 of 1st period - Stopped by Casey DeSmith without a rebound. 11:33 of 1st period - Ryan O'Reilly wins face-off versus Radek Faksa in BOISE CARIBOUS zone. 11:35 of 1st period - Patric Hornqvist is hit by Greg Pateryn and loses puck. 11:42 of 1st period - Shot by Ryan O'Reilly. 11:42 of 1st period - Shot Misses the Net. 13:47 of 1st period - Shot by Thomas Vanek. 13:47 of 1st period - Stopped by Jake Allen without a rebound. 13:48 of 1st period - Ryan O'Reilly wins face-off versus Melker Karlsson in EDMONTON ICE zone. 13:59 of 1st period - Shot by Ryan O'Reilly. 13:59 of 1st period - Stopped by Casey DeSmith with a rebound. 14:08 of 1st period - Minor Penalty to Mirco Mueller for Interference. 14:09 of 1st period - Valtteri Filppula wins face-off versus Radek Faksa in BOISE CARIBOUS zone. 14:35 of 1st period - Shot by Oscar Klefbom. 14:35 of 1st period - Stopped by Casey DeSmith without a rebound. 14:36 of 1st period - Ryan O'Reilly wins face-off versus Jesperi Kotkaniemi in BOISE CARIBOUS zone. 15:03 of 1st period - Shot by Jaden Schwartz. 15:03 of 1st period - Stopped by Casey DeSmith without a rebound. 15:04 of 1st period - Radek Faksa wins face-off versus Valtteri Filppula in BOISE CARIBOUS zone. 15:40 of 1st period - Shot by Oscar Klefbom. 15:40 of 1st period - Shot Misses the Net. 15:42 of 1st period - Shot by Ondrej Kase. 15:42 of 1st period - Stopped by Casey DeSmith without a rebound. 15:43 of 1st period - Ryan O'Reilly wins face-off versus Jesperi Kotkaniemi in BOISE CARIBOUS zone. 17:40 of 1st period - Icing by Ondrej Kase. 17:41 of 1st period - Eric Fehr wins face-off versus Jesperi Kotkaniemi in EDMONTON ICE zone. 17:57 of 1st period - Anthony Mantha is hit by Mirco Mueller and loses puck. 18:04 of 1st period - Shot by Ryan O'Reilly. 18:04 of 1st period - Shot Misses the Net. 18:06 of 1st period - Shot by Anthony Mantha. 18:06 of 1st period - Shot Blocked by Mirco Mueller. 18:12 of 1st period - Shot by Kasperi Kapanen. 18:12 of 1st period - Stopped by Casey DeSmith without a rebound. 18:13 of 1st period - Valtteri Filppula wins face-off versus Radek Faksa in BOISE CARIBOUS zone. 18:42 of 1st period - Icing by Oscar Klefbom. 18:43 of 1st period - Mario Kempe wins face-off versus Valtteri Filppula in EDMONTON ICE zone. Goals for this period are 1 for BOISE CARIBOUS vs 0 for EDMONTON ICE. Shots for this period are 5 for BOISE CARIBOUS vs 14 for EDMONTON ICE. 2nd period 0:01 of 2nd period - Ryan O'Reilly wins face-off versus Brian Boyle in neutral zone. 0:36 of 2nd period - Shot by Brian Boyle. 0:36 of 2nd period - Shot Misses the Net. 0:38 of 2nd period - Shot by Nick Leddy. 0:38 of 2nd period - Shot Blocked by Colton Parayko. 0:51 of 2nd period - Off-side. 0:52 of 2nd period - Jesperi Kotkaniemi wins face-off versus Valtteri Filppula in neutral zone. 1:04 of 2nd period - Shot by Tom Wilson. 1:04 of 2nd period - Shot Blocked by Andrew MacDonald. 1:13 of 2nd period - Patric Hornqvist is hit by Will Butcher and loses puck. 1:27 of 2nd period - Icing by Jesperi Kotkaniemi. 1:28 of 2nd period - Eric Fehr wins face-off versus Jesperi Kotkaniemi in BOISE CARIBOUS zone. 1:28 of 2nd period - Eric Fehr is hit by Danny DeKeyser. 1:37 of 2nd period - Ondrej Kase is hit by Danny DeKeyser and loses puck. 1:43 of 2nd period - Icing by Jesperi Kotkaniemi. 1:44 of 2nd period - Jesperi Kotkaniemi wins face-off versus Kasperi Kapanen in BOISE CARIBOUS zone. 1:44 of 2nd period - Jesperi Kotkaniemi is hit by Ryan O'Reilly. 2:20 of 2nd period - Ryan O'Reilly is hit by Brian Boyle and loses puck. 2:35 of 2nd period - Shot by Thomas Vanek. 2:35 of 2nd period - Shot Blocked by Jeff Petry. 2:57 of 2nd period - Shot by Connor Brown. 2:57 of 2nd period - Stopped by Jake Allen without a rebound. 2:58 of 2nd period - Valtteri Filppula wins face-off versus Melker Karlsson in EDMONTON ICE zone. 3:27 of 2nd period - Shot by Patric Hornqvist. 3:27 of 2nd period - Shot Misses the Net. 3:48 of 2nd period - Icing by Melker Karlsson. 3:49 of 2nd period - Mario Kempe wins face-off versus Conor Sheary in BOISE CARIBOUS zone. 3:49 of 2nd period - Mario Kempe is hit by Ondrej Kase. 4:11 of 2nd period - Shot by Ondrej Kase. 4:11 of 2nd period - Shot Misses the Net. 4:25 of 2nd period - Shot by Eric Fehr. 4:25 of 2nd period - Deflect By Ondrej Kase. 4:25 of 2nd period - Shot Blocked by Greg Pateryn. 4:27 of 2nd period - Shot by Casey Nelson. 4:27 of 2nd period - Shot Misses the Net. 4:45 of 2nd period - Icing by Greg Pateryn. 4:46 of 2nd period - Andre Burakovsky wins face-off versus Ryan O'Reilly in BOISE CARIBOUS zone. 5:17 of 2nd period - Anthony Mantha is hit by Lawson Crouse and loses puck. 5:52 of 2nd period - Shot by Valtteri Filppula. 5:52 of 2nd period - Stopped by Casey DeSmith without a rebound. 5:53 of 2nd period - Eric Fehr wins face-off versus Radek Faksa in BOISE CARIBOUS zone. 5:58 of 2nd period - Shot by Ondrej Kase. 5:58 of 2nd period - Stopped by Ca